 Dungeon Crawl Stone Soup version 0.30.0-15-g856e2d3f33 (webtiles) character file.

Game seed: 11290605729756456723

32 SnakkuSnakku7 the Shooter (level 3, -1/31 HPs)
             Began as a Tengu Hexslinger on May 18, 2023.
             Succumbed to Jessica's poison
             ... on level 1 of the Dungeon.
             The game lasted 00:02:08 (873 turns).

SnakkuSnakku7 the Shooter (Tengu Hexslinger)         Turns: 873, Time: 00:02:09

Health: -1/31      AC: 21    Str: 10    XL:     3   Next: 25%
Magic:  5/5        EV:  2    Int: 13    God:
Gold:   56         SH:  0    Dex: 16    Spells: 3/4 levels left

rFire   . . .        (no weapon)
rCold   . . .        (no shield)
rNeg    . . .        f - melded +1 robe {rF+}
rPois   +            (helmet currently unavailable)
rElec   .            (cloak currently unavailable)
rCorr   .            (gloves currently unavailable)
SInv    .            (boots unavailable)
Will    .....        (no amulet)
Stlth   +            (no ring)
HPRegen 0.25/turn    (no ring)
MPRegen 0.09/turn

%: no passive effects
@: lethally poisoned (-1 -> -12), tree-form
A: stationary, stasis, torment immunity, boosted hp, (beak), (talons 3)
a: no special abilities


You were on level 1 of the Dungeon.
You were a tree.
You visited 1 branch of the dungeon, and saw 2 of its levels.

You collected 56 gold pieces.

Inventory:

Hand Weapons
 a - a +1 sling
Armour
 c - a +0 robe
 f - a +1 robe of fire resistance (melded)
Scrolls
 b - a scroll of poison
 d - a scroll of blinking {unknown}


   Skills:
 + Level 2.2 Fighting
 + Level 3.2 Ranged Weapons
 - Level 2.1 Dodging
 - Level 1.0 Spellcasting
 - Level 2.1 Hexes


You had 3 spell levels left.
You knew the following spells:

 Your Spells              Type           Power      Damage    Failure   Level
a - Slow                  Hex            24%        N/A       12%         1

Your spell library contained the following spells:

 Spells                   Type           Power      Damage    Failure   Level
 Inner Flame              Hex/Fire       3%         N/A       47%         3
 Portal Projectile        Hex/Tloc       6%         N/A       47%         3
 Cause Fear               Hex            3%         N/A       75%         4


Dungeon Overview and Level Annotations

Branches:
Dungeon (2/15)

Altars:


Innate Abilities, Weirdness & Mutations

You are a tree.
Your roots penetrate the ground, keeping you stationary.
You cannot be teleported.
You are immune to unholy pain and torment.
Your maximum health is greatly increased.
Your equipment is partially melded.
((You have a beak for a mouth.))
((You have claws for feet.))


Message History

Jessica hits you with a +3 dagger of venom.
You climb upwards.
There is a stone staircase leading down here.
Unknown command.
You shoot a sling bullet. The sling bullet barely misses Jessica.
Jessica hits you with a +3 dagger of venom!
Jessica hits you with a +3 dagger of venom.
* * * LOW HITPOINT WARNING * * *
You are lethally poisoned!
You are too injured to fight recklessly!
You are too injured to fight recklessly!
Unknown command.
You are too injured to fight recklessly!
It was a potion of lignification.
You turn into a tree.
Your +1 robe of fire resistance melds into your body.
You feel less resistant to fire.
Your roots penetrate the ground.
* * * LOW HITPOINT WARNING * * *
You feel sick. Jessica hits you but does no damage.
Unknown command.
You are now empty-handed.
* * * LOW HITPOINT WARNING * * *
You feel sick.
Unknown command.
You hit Jessica.
Jessica is moderately wounded.
* * * LOW HITPOINT WARNING * * *
You feel sick. Jessica hits you but does no damage.
You hit Jessica.
Jessica is heavily wounded.
* * * LOW HITPOINT WARNING * * *
You feel sick. Jessica hits you but does no damage.
You are lethally poisoned!
You barely miss Jessica.
Jessica is heavily wounded.
* * * LOW HITPOINT WARNING * * *
You feel very sick. Jessica hits you but does no damage.
You smack Jessica!
You kill Jessica!
You die...

........####### #.##.##........#
..............# ##.#.#.#.......#
######....###.## ##...##.####..#
.....##....#...# ##............
.....#.#...#...### ##...######..
.....#..#........# #...# ##.
...).#..#........# #...######..
.....#..#......).#####...#...##.#
######..#..#...>♣.........###...#
#.....#.#.................# #....
.#.....##..###......).....###...#
..#######..# #.#######...#..>##.#
#..........# #.# ###...######..
########...# #.# #......# ###
##### ### #.#....# # #####.#...(#
# #..........# ####


There were no monsters in sight!

Vanquished Creatures
  Jessica (D:1)
  A dart slug (D:1)
  4 endoplasms (D:1)
  2 giant cockroaches (D:1)
  2 goblins (D:1)
  4 hobgoblins (D:1)
  2 quokkas (D:1)
  2 ball pythons (D:1)
  4 bats
  2 frilled lizards (D:1)
  2 kobolds
  3 rats (D:1)
29 creatures vanquished.

Notes
Turn   | Place    | Note
-------+----------+-------------------------------------------
     0 | D:1      | SnakkuSnakku7 the Tengu Hexslinger began the quest for the
                  | Orb.
     0 | D:1      | Reached XP level 1. HP: 12/12 MP: 3/3
    95 | D:1      | Reached XP level 2. HP: 16/16 MP: 4/4
   337 | D:1      | Reached skill level 3 in Ranged Weapons
   571 | D:1      | Reached XP level 3. HP: 21/21 MP: 5/5
   864 | D:2      | Noticed Jessica
   872 | D:1      | HP: 1/31 [poisoned by Jessica]
   873 | D:1      | Killed Jessica
   873 | D:1      | Succumbed to Jessica's poison

Illustrated notes

Levels and vault maps discovered:
D:1:      minmay_arrival_arboretum_small, layout_loops_cross, minmay_3d_cube
D:2:      layout_rooms, shapermc_ecumenical_altar_ellora,
          hangedman_decor_peaks_small, uniq_jessica

Skill      XL: |  1  2 |
---------------+-------+-----
Fighting       | 2 |  2.2
Ranged Weapons | 3 |  3.2
Dodging        | |  2.1
Spellcasting   | |  1.0
Hexes          | |  2.1

Action                     || total
---------------------------++-------
  Melee: Unarmed           ||     4
   Fire: Sling             ||   105
   Cast: Slow              ||     2
    Use: Potion            ||     1
 Armour: Robe              ||    16
         Skin              ||     4
  Dodge: Dodged            ||    36
